[Event "GrandPrix_30.05"]
[Site "Chess.com"]
[Date "2020.05.30"]
[Round "4"]
[White "jacky72"]
[Black "Kiril1965"]
[Result "1-0"]
[WhiteElo "2334"]
[BlackElo "2491"]
[TimeControl "600+2"]
[EndTime "9:51:20 PDT"]
[Termination "jacky72 won by resignation"]

1. d4 Nf6 2. c4 e6 3. Nf3 b6 4.
g3 Ba6 5. Qc2 b5 6. cxb5 Bxb5 7.
Bg2 d5 8. O-O c6 9. Ne5 Nfd7 10.
a4 Ba6 11. Bf4 Qb6 12. a5 Qb7 13. Rc1 c5 14. e4 Nxe5 15. Bxe5 Nc6 16. exd5 Nb4 17.
dxe6 Qxg2+ 18. Kxg2 Nxc2 19. Rxc2 f6 20. Bf4 cxd4 21. Na3 Bb4 22. Rc7 O-O 23. Nc2 Rfb8 24. Nxd4 Rb7 25. Rc6 Bd3 26. f3 Bf8 27. b3 Rd8 28.
Be3 a6 29. Rac1 Rbb8 30. Rc7 Re8 31. Nc6 Ba3 32. Rc3 Bd6 33. Rd7 Bb5 34. Rxd6 Bxc6 35. Rdxc6 h5 36. Bb6 Kh7 37. f4 Kg6 38. R3c5 Rb7 39.
f5+ Kg5 40. h4+ Kh6 41. Rc8 1-0

[Event "GrandPrix_30.05"]
[Site "Chess.com"]
[Date "2020.05.30"]
[Round "4"]
[White "weplaychess09"]
[Black "Firegrizzly"]
[Result "1-0"]
[WhiteElo "2092"]
[BlackElo "2190"]
[TimeControl "600+2"]
[EndTime "9:51:22 PDT"]
[Termination "weplaychess09 won by resignation"]

1. d4 Nf6 2. c4 g6 3. Nc3 Bg7 4.
e4 O-O 5. Nf3 d6 6. Be2 Nbd7 7.
Be3 e5 8. d5 Ng4 9. Bg5 f6 10.
Bh4 h5 11. Nd2 Nh6 12. f3 c5 13. a3 Nf7 14. O-O Bh6 15. b4 Be3+ 16. Bf2 Bd4 17. Rc1 f5 18. exf5 gxf5 19. f4 e4 20. Bxd4 cxd4 21. Nb5 Qb6 22. c5 dxc5 23. bxc5 Nxc5 24.
Nxd4 Nd3 25. Nb3 Nxc1 26. Qxc1 Bd7 27. Kh1 Nh6 28. Bxh5 Qd6 29. Rd1 Rac8 30. Qe3 Kh7 31. Ne2 Ba4 32. Qxa7 Qa6 33. Qxa6 bxa6 34. Rb1 Rb8 35.
Nd2 Rxb1+ 36. Nxb1 Bb3 37. Nbc3 Rd8 38. h3 Bxd5 39.
g4 e3+ 40. Kh2 Bf3 41. Kg3 fxg4 42. hxg4 Bxg4 43. Bxg4 Rg8 44. Kf3 Nxg4 45. Nd5 Rg7 46. Nec3 Kh6 47. Ne4 Rd7 48. Nec3 Kh5 49. Ke2 Kh4 50.
Nxe3 Re7 51. Nd5 Re4 52. Kf3 Rd4 53. Nf5+ Kh3 54. Nxd4 Kh4 55. Ne3 Nh6 56. Nef5+ Nxf5 57. Nxf5+ Kh5 58. Ke4 Kg6 59. Ke5 Kf7 60. Nd6+ Ke7 61. f5 Kf8 62. f6 a5 63. a4 Kg8 64. Ke6 Kf8 65. f7 1-0

[Event "GrandPrix_30.05"]
[Site "Chess.com"]
[Date "2020.05.30"]
[Round "4"]
[White "grunbergmihai"]
[Black "Velis23"]
[Result "1-0"]
[WhiteElo "2288"]
[BlackElo "2126"]
[TimeControl "600+2"]
[EndTime "9:51:37 PDT"]
[Termination "grunbergmihai won by resignation"]

1. Nf3 Nf6 2. c4 c6 3. g3 d5 4. Bg2 Bf5 5. O-O e6 6. d3 h6 7.
cxd5 exd5 8. Nc3 Be7 9. Qb3 Qb6 10. Qc2 O-O 11. e4 dxe4 12. dxe4 Be6 13. Be3 Qa5 14. Nd4 Bc4 15. Rfd1 Ng4 16. Bf4 Bf6 17. h3 Ne5 18.
Nf5 Nbd7 19. a3 Qb6 20. b4 a5 21. Be3 Qa6 22. bxa5 Rfd8 23. Nd6 Bd3 24. Qb3 Rab8 25.
f4 Bc4 26. Qc2 Bd3 27. Qd2 Nf8 28. fxe5 Bxe5 29. Qxd3 Qxd3 30. Rxd3 Bxd6 31. Rad1 Bc7 32. Rxd8 Rxd8 33. Rxd8 Bxd8 34. Bb6 Be7 35. a4 Ne6 36. e5 Bb4 37. Ne4 c5 38. Nd6 1-0

[Event "GrandPrix_30.05"]
[Site "Chess.com"]
[Date "2020.05.30"]
[Round "4"]
[White "tacticthunder"]
[Black "Murad_Ibrahimli"]
[Result "0-1"]
[WhiteElo "2213"]
[BlackElo "2557"]
[TimeControl "600+2"]
[EndTime "9:51:43 PDT"]
[Termination "Murad_Ibrahimli won by checkmate"]

1. e4 c5 2. Nf3 d6 3. d4 cxd4 4. Nxd4 Nf6 5. Nc3 a6 6. h3 g6 7. g4 Bg7 8. Bg2 O-O 9. O-O Nc6 10. Be3 Bd7 11. Qe2 Rc8 12. Nxc6 Bxc6 13. Rad1 Qa5 14. a3 b5 15. Bd2 Qb6 16. g5 Nd7 17. Be3 Qb7 18. Bd4 Ne5 19. Nd5 Nc4 20. Bxg7 Kxg7 21. c3 Rfe8 22. Kh1 Bxd5 23. Rxd5 e6 24. Rdd1 Rcd8 25. f4 d5 26. b3 Nd6 27. exd5 exd5 28.
Qf2 Nf5 29. Rfe1 Qc7 30. Qd2 Rxe1+ 31. Rxe1 d4 32. Rc1 d3 33. c4 Ng3+ 34. Kh2 Ne2 35. Rf1 bxc4 36. bxc4 Qxc4 37. Qa5 Qd4 38. Qd2 Qc3 39.
Qe3 Qd4 40. Qd2 Rc8 41. h4 Rc2 42. Qa5 Nxf4 43. h5 Rxg2+ 44. Kh1 gxh5 45. Qxa6 Rg4 46. Qh6+ Kg8 47. Re1 Rh4# 0-1

[Event "GrandPrix_30.05"]
[Site "Chess.com"]
[Date "2020.05.30"]
[Round "4"]
[White "woodhy"]
[Black "DinaBelenkaya"]
[Result "1-0"]
[WhiteElo "2194"]
[BlackElo "1624"]
[TimeControl "600+2"]
[EndTime "9:51:43 PDT"]
[Termination "woodhy won by resignation"]

1. e4 d5 2. exd5 Qxd5 3. Nc3 Qa5 4. d4 Nf6 5. Bd3 Bf5 6. Bc4 e6 7. Ne2 Nc6 8. O-O Be7 9. a3 a6 10. Be3 Bg6 11. d5 Nxd5 12. Bxd5 exd5 13. b4 Nxb4 14.
axb4 Qxb4 15. Nxd5 Qc4 16. Nxe7 Kxe7 17. Nf4 Rhd8 18.
Qg4 Qc6 19. Nxg6+ hxg6 20. Ra5 Kf8 21. h3 b5 22. Rfa1 Rd5 23. Qf3 Kg8 24. Rxa6 Rxa6 25. Rxa6 Qd7 26. Ra1 c5 27. Qe4 f5 28. Ra8+ Kf7 29.
Qf4 c4 30. Ra7 Rd1+ 31. Kh2 g5 32. Qxf5+ Kg8 33. Rxd7 1-0

[Event "GrandPrix_30.05"]
[Site "Chess.com"]
[Date "2020.05.30"]
[Round "4"]
[White "Sanan_Sjugirov"]
[Black "AsadliVugar"]
[Result "1-0"]
[WhiteElo "2697"]
[BlackElo "2509"]
[TimeControl "600+2"]
[EndTime "9:51:45 PDT"]
[Termination "Sanan_Sjugirov won by resignation"]

1. e4 e5 2. Nf3 Nc6 3. Bb5 Nf6 4. d3 Bc5 5. c3 O-O 6. O-O Re8 7.
Bg5 h6 8. Bh4 Be7 9. Bg3 d6 10.
Nbd2 Bd7 11. Re1 Bf8 12. Ba4 g6 13. d4 Nh5 14. Nc4 Nxg3 15. hxg3 exd4 16. cxd4 Bg7 17. d5 Nb8 18. Bxd7 Nxd7 19. Qc2 a5 20. Rac1 Nc5 21. b3 b6 22. a3 b5 23. Ncd2 b4 24. axb4 axb4 25. e5 Qd7 26. Re3 Qg4 27. Ne4 Ra5 28.
Rce1 Rea8 29. exd6 cxd6 30. Nxd6 Qd7 31. Ne8 Bh8 32.
Re7 Qxd5 33. Nc7 Ra2 34. Qxa2 1-0

[Event "GrandPrix_30.05"]
[Site "Chess.com"]
[Date "2020.05.30"]
[Round "4"]
[White "klimkoj"]
[Black "MilosJi"]
[Result "1-0"]
[WhiteElo "2114"]
[BlackElo "1971"]
[TimeControl "600+2"]
[EndTime "9:51:57 PDT"]
[Termination "klimkoj won by checkmate"]

1. e4 c5 2. Nf3 Nc6 3. d4 cxd4 4. Nxd4 g6 5. Nc3 Bg7 6. Be3 Nf6 7.
Nxc6 bxc6 8. e5 Ng8 9. Bd4 Qc7 10.
e6 f6 11. exd7+ Bxd7 12. Bc4 Nh6 13. O-O Nf7 14. Re1 Ne5 15. Bxe5 fxe5 16. Ne4 O-O-O 17.
Qf3 Bf5 18. Re3 Rhf8 19. Ba6+ Kd7 20. Nc5+ Ke8 21. Qe2 Rd5 22. Ne4 Bxe4 23. Rxe4 Rf4 24. Bc4 Rd4 25. Rxd4 exd4 26. Re1 e5 27. Bb3 Rf8 28.
Qc4 Kd8 29. c3 Kc8 30. Ba4 c5 31. cxd4 exd4 32. Qa6+ Kb8 33. Bc6 Qb6 34. Qxb6+ axb6 35. Re7 Bf6 36. Re2 Kc7 37. Bb5 h5 38. Kf1 g5 39. b3 Kd6 40. Re8 Rxe8 41. Bxe8 h4 42. Ke2 Be5 43. g3 hxg3 44. hxg3 Bf6 45. Kd3 Bd8 46.
Ke4 Be7 47. Bb5 Bf6 48. Bd3 Bd8 49. Kf5 Kc6 50. Ke6 b5 51. f4 gxf4 52. gxf4 Kb6 53.
Kd5 Bf6 54. f5 Bg7 55. Kd6 Bf8+ 56. Ke6 Ka5 57. f6 Kb4 58. Kd5 Kc3 59. Bxb5 d3 60.
Bxd3 Kxd3 61. a4 Kc3 62. a5 Kxb3 63. a6 c4 64. a7 c3 65. a8=Q c2 66. Qb8+ Bb4 67.
Qc7 Bc3 68. Qb6+ Ka2 69. Kc4 Bb2 70. Qb3+ Kb1 71. Qd3 Bxf6 72. Kb3 Ka1 73. Qxc2 Be5 74. Qa2# 1-0

[Event "GrandPrix_30.05"]
[Site "Chess.com"]
[Date "2020.05.30"]
[Round "4"]
[White "KJakubowski"]
[Black "Korchmar_Vasiliy"]
[Result "1-0"]
[WhiteElo "2408"]
[BlackElo "2108"]
[TimeControl "600+2"]
[EndTime "9:51:59 PDT"]
[Termination "KJakubowski won on time"]

1. d4 Nf6 2. Nf3 d5 3. c4 e6 4. Nc3 Bb4 5. cxd5 exd5 6. Bg5 h6 7. Bh4 O-O 8. e3 Bf5 9. Qb3 Bxc3+ 10. bxc3 Nbd7 11. Qxb7 Rb8 12. Qa6 Rb2 13. Bb5 c6 14. Qa4 Rxb5 15. Ne5 Qb6 16. O-O Nxe5 17. dxe5 Ne4 18.
Qa3 Nd2 19. Rfd1 Nc4 20. Qc1 Rb2 21. a4 Rc2 22. Qb1 Rb8 23. Qxb6 Rxb6 24. a5 Rbb2 25. a6 Nxe5 26. h3 Nc4 27. Ra4 Rxc3 28. Rd4 Rc1+ 29. Kh2 Bc2 30. Raxc4 dxc4 31. Rxc4 Rb6 32. Bg3 Rxa6 33.
Be5 Rb6 34. e4 Rbb1 35. Bf4 1-0

[Event "GrandPrix_30.05"]
[Site "Chess.com"]
[Date "2020.05.30"]
[Round "4"]
[White "TheEternalPatzer"]
[Black "TheJoker64"]
[Result "0-1"]
[WhiteElo "2017"]
[BlackElo "2229"]
[TimeControl "600+2"]
[EndTime "9:52:06 PDT"]
[Termination "TheJoker64 won by resignation"]

1. c4 g6 2. Nc3 Bg7 3. e4 d6 4. d4 Nf6 5. Nf3 Bg4 6. Be3 Nfd7 7.
Qd2 Bxf3 8. gxf3 e5 9. d5 Nf6 10. c5 O-O 11. Rc1 a6 12. Bh3 Nbd7 13. Bxd7 Qxd7 14.
c6 Qh3 15. cxb7 Rab8 16. Ke2 Nh5 17. b3 f5 18. exf5 Rxf5 19. Qd3 Qxf3+ 20. Kd2 Rxb7 21.
Qxa6 Rb8 22. Qe2 Qh3 23. Rcg1 Rbf8 24. Ne4 Nf4 25. Qg4 Qxg4 26. Rxg4 Nxd5 27. Rc1 Ra8 28. a4 Rb8 29. Nc3 Nxe3 30. fxe3 Rxb3 31. Nd5 Rf2+ 32. Ke1 Rxh2 33. Rgc4 Rbb2 0-1

[Event "GrandPrix_30.05"]
[Site "Chess.com"]
[Date "2020.05.30"]
[Round "4"]
[White "zuagroasta"]
[Black "KuzubovYuriy"]
[Result "0-1"]
[WhiteElo "2087"]
[BlackElo "2428"]
[TimeControl "600+2"]
[EndTime "9:52:14 PDT"]
[Termination "KuzubovYuriy won by resignation"]

1. d4 Nf6 2. c4 e6 3. Nc3 Bb4 4.
e3 O-O 5. Ne2 c6 6. a3 Ba5 7. b4 Bc7 8. d5 cxd5 9. cxd5 exd5 10.
g3 Be5 11. Rb1 d6 12. Qd3 Nc6 13. Bg2 Ne7 14. Nd4 Bxd4 15. Qxd4 Bf5 16. Ra1 Rc8 17.
Bb2 Nc6 18. Qf4 Be6 19. Nb5 Ne4 20. Bxe4 dxe4 21. Nxd6 Rc7 22. Nxe4 f5 23. Nc5 Bd5 24. Rd1 g5 25. Rxd5 gxf4 26. Rxd8 Nxd8 27. gxf4 Rc6 28. Nd7 Rf7 29. Ne5 Rc2 30. Nxf7 Kxf7 31. Bh8 Rc1+ 32. Ke2 Rxh1 0-1

[Event "GrandPrix_30.05"]
[Site "Chess.com"]
[Date "2020.05.30"]
[Round "4"]
[White "Karacsonyi_Gellert"]
[Black "Igrok3069"]
[Result "0-1"]
[WhiteElo "2211"]
[BlackElo "2569"]
[TimeControl "600+2"]
[EndTime "9:52:24 PDT"]
[Termination "Igrok3069 won by resignation"]

1. e4 c5 2. Nf3 e6 3. d4 cxd4 4. Nxd4 Nf6 5. Nc3 Nc6 6. Ndb5 Bc5 7. Nd6+ Ke7 8. Bf4 e5 9. Nf5+ Kf8 10. Be3 Bb4 11. Bc4 d5 12. exd5 Na5 13. Bd3 e4 14. Nxg7 Kxg7 15. Qd2 h6 16. Bxe4 Nc4 17. Qd4 Nxe3 18.
fxe3 Qb6 19. Qxb6 axb6 20. Bf3 Bf5 21. O-O Bxc2 22. Rac1 Bg6 23. Kf2 Rhe8 24. Rfe1 Nd7 25. a3 Bc5 26. Nb5 Ne5 27. Be2 Rad8 28. Rcd1 Bc2 29. Rd2 Bxe3+ 30. Kxe3 Nc4+ 31. Kd4 Nxd2 32. Kc3 Bd1 33. Rxd1 Rxe2 34. Nd4 Ne4+ 35. Kd3 Nf2+ 36. Kxe2 Nxd1 37. Nf5+ Kf6 0-1

[Event "GrandPrix_30.05"]
[Site "Chess.com"]
[Date "2020.05.30"]
[Round "4"]
[White "SpasKozhuharov"]
[Black "SantoBlue"]
[Result "0-1"]
[WhiteElo "2182"]
[BlackElo "2510"]
[TimeControl "600+2"]
[EndTime "9:52:36 PDT"]
[Termination "SantoBlue won by checkmate"]

1. c4 e5 2. g3 Nf6 3. Bg2 c6 4. d4 e4 5. Nc3 d5 6. Bg5 Be7 7. cxd5 cxd5 8. Nh3 Nc6 9. Nf4 Be6 10. e3 Ng8 11. h4 Bxg5 12. hxg5 Nge7 13. Rc1 Rc8 14. Bh3 Bxh3 15. Rxh3 Qd7 16. Kf1 Qf5 17. Kg2 Rd8 18. Qb3 Rd7 19. Na4 Qxg5 20. Nc5 Rd8 21. Nxb7 Rb8 22.
Nd6+ Kd7 23. Nxf7 Qf5 24. Nh6 Qxh3+ 25. Kxh3 Rxb3 26. axb3 gxh6 27. Kg4 Rg8+ 28. Kh5 Nf5 29. Nh3 Rg6 30. Rc5 Nce7 31. g4 Ng7+ 32. Kh4 h5 33.
Ng5 hxg4 34. Nxh7 Nef5# 0-1

[Event "GrandPrix_30.05"]
[Site "Chess.com"]
[Date "2020.05.30"]
[Round "4"]
[White "NikolaN98"]
[Black "fm_magua"]
[Result "0-1"]
[WhiteElo "2102"]
[BlackElo "1904"]
[TimeControl "600+2"]
[EndTime "9:52:36 PDT"]
[Termination "fm_magua won by resignation"]

1. e4 c5 2. Nc3 Nc6 3. f4 g6 4. Nf3 Bg7 5. Bb5 Nf6 6. Ke2 Nd4+ 7. Kf1 Nxb5 8. Nxb5 Nxe4 9. Qe2 d5 10. d3 Nd6 11. Nc3 Nf5 12. Bd2 O-O 13. Re1 Rb8 14. Qf2 b6 15. Ne2 Ba6 16. g4 Nd6 17. Kg2 d4 18.
Ng3 f5 19. g5 Bb7 20. h4 Nf7 21. h5 e5 22. hxg6 hxg6 23. Kf1 Bxf3 24. Qxf3 exf4 25.
Bxf4 Nxg5 26. Qg2 Rc8 27. Nh5 gxh5 28. Bxg5 Qd7 29. Re7 Qc6 30. Rg1 Qxg2+ 31. Rxg2 Rf7 32. Bf6 Rxe7 33. Bxe7 Kf7 34. Bd6 Bf6 35. Bf4 b5 36. b3 c4 37. bxc4 bxc4 38. Ke2 cxd3+ 39. Kxd3 Rc3+ 40. Kd2 Ra3 41. Rg1 Rxa2 42. Rb1 Ra6 43.
Rb7+ Kg6 44. Bb8 h4 45. Bxa7 h3 46. Bb8 Ra3 47. Rb3 Bg5+ 48. Ke2 Rxb3 49. cxb3 f4 50. Kf3 d3 51. Be5 d2 52. Ke2 h2 0-1

[Event "GrandPrix_30.05"]
[Site "Chess.com"]
[Date "2020.05.30"]
[Round "4"]
[White "Gabrielian_Artur"]
[Black "fujiwara_hoga"]
[Result "1-0"]
[WhiteElo "2261"]
[BlackElo "2122"]
[TimeControl "600+2"]
[EndTime "9:52:39 PDT"]
[Termination "Gabrielian_Artur won by resignation"]

1. e4 e5 2. Nc3 Nf6 3. g3 Nc6 4. Bg2 Bc5 5. Nge2 a6 6. d3 d6 7. O-O O-O 8. h3 Be6 9. Kh2 d5 10. f4 dxe4 11. Nxe4 Nxe4 12. Bxe4 Bd5 13. Nc3 Bxe4 14.
Nxe4 Bb6 15. f5 f6 16. g4 Qd7 17. Qf3 Nd4 18. Qg2 Kh8 19. c3 Nb5 20. Rf3 Nd6 21. g5 Nxe4 22. dxe4 Rad8 23. Rg3 Rg8 24. g6 Rge8 25.
gxh7 Re7 26. Bh6 Kxh7 27. Rd1 gxh6 28. Rxd7 Rexd7 29. Qf3 Rd2+ 30. Rg2 Rxg2+ 31. Qxg2 Rg8 32. Qd2 Rg7 33. Qd8 Rf7 34. h4 Be3 35. Kg2 Bf4 36.
Kf3 b6 37. Kg4 a5 38. Kh5 Bc1 39. b3 Bf4 40. a4 Kg7 41. b4 axb4 42. cxb4 c5 43.
Qxb6 cxb4 44. Qxb4 Rc7 45. a5 Rf7 46. a6 Be3 47.
Qb3 Bd4 48. Qg3+ Kf8 49. Kxh6 Ke7 50. Qg8 Rf8 51. Qe6+ Kd8 52. Kg7 1-0

[Event "GrandPrix_30.05"]
[Site "Chess.com"]
[Date "2020.05.30"]
[Round "4"]
[White "PavelShkapenko"]
[Black "Anton_Demchenko"]
[Result "0-1"]
[WhiteElo "2424"]
[BlackElo "2651"]
[TimeControl "600+2"]
[EndTime "9:52:41 PDT"]
[Termination "Anton_Demchenko won by resignation"]

1. e4 e5 2. Nf3 Nc6 3. Bc4 Nf6 4.
Ng5 d5 5. exd5 Na5 6. Bb5+ c6 7. dxc6 bxc6 8. Bd3 Nd5 9. Nf3 Bd6 10. O-O O-O 11. Re1 f5 12. Nxe5 Qf6 13. Nc4 Nxc4 14. Bxc4 Qh4 15. Bxd5+ cxd5 16. g3 Qh3 17. f4 d4 18. Qf3 Rb8 19. Qg2 Qh5 20. Qe2 Qg6 21.
d3 Bd7 22. Qf2 Bc6 23. Nd2 Qf7 24. Nf3 Qd5 25. Kg2 h6 26. b3 g5 27. fxg5 hxg5 28.
Bxg5 Rb7 29. Rf1 f4 30. gxf4 Bxf4 31. Bxf4 Rxf4 32. Qg3+ Rg7 33. Qxg7+ Kxg7 0-1

[Event "GrandPrix_30.05"]
[Site "Chess.com"]
[Date "2020.05.30"]
[Round "4"]
[White "Flawless_Fighter"]
[Black "troisi"]
[Result "0-1"]
[WhiteElo "2166"]
[BlackElo "1710"]
[TimeControl "600+2"]
[EndTime "9:52:46 PDT"]
[Termination "troisi won by resignation"]

1. e4 e5 2. Nf3 Nc6 3. Bb5 a6 4. Ba4 Nf6 5. O-O b5 6. Bb3 Bc5 7. c3 d6 8. d4 Bb6 9. a4 Bb7 10.
Bg5 exd4 11. cxd4 h6 12. Bxf6 Qxf6 13. Bd5 O-O 14. Na3 Rfb8 15. axb5 axb5 16. Nxb5 Rxa1 17. Qxa1 Nxd4 18. Nbxd4 Bxd5 19. exd5 Bxd4 20. Qc1 Bc5 21. Ne1 Qd4 22. b4 Bb6 23. Qc6 Qxb4 24. Nc2 Qd2 25.
g3 Kf8 26. Na3 Qd4 27. Nc4 Qc5 28. Qxc5 Bxc5 29. Rc1 Rb3 30. Kf1 Rd3 31. Ne3 Bxe3 32. fxe3 Rxe3 33. Rxc7 Rd3 34. Kf2 g6 35. g4 Rxd5 36. h4 Kg7 37. Kf3 Rd4 38. Rd7 Kf6 39.
Ra7 Rd1 40. g5+ hxg5 41. hxg5+ Ke6 42. Kf4 Rd4+ 43. Kf3 Rd5 44. Kf4 Rf5+ 45. Kg4 d5 46. Ra6+ Ke5 47. Ra7 Ke4 48. Re7+ Kd3 0-1

[Event "GrandPrix_30.05"]
[Site "Chess.com"]
[Date "2020.05.30"]
[Round "4"]
[White "kirillshevchenko"]
[Black "wnstop"]
[Result "1-0"]
[WhiteElo "2695"]
[BlackElo "2276"]
[TimeControl "600+2"]
[EndTime "9:52:52 PDT"]
[Termination "kirillshevchenko won by resignation"]

1. e4 c5 2. Nf3 Nc6 3. Nc3 e5 4. Bc4 Be7 5. d3 d6 6. Nd2 Nf6 7. Nf1 Nd7 8. Ne3 Nb6 9. h4 O-O 10. a4 Kh8 11. Ncd5 Be6 12. c3 Qd7 13. Nxb6 axb6 14. g4 Bd8 15. Nd5 Bxg4 16. f3 Bh5 17.
Ne3 Ne7 18. Qe2 f5 19. Qg2 fxe4 20. fxe4 Bf3 21. O-O Ng6 22. Rxf3 Nf4 23. Qg4 Qe8 24. Nf5 g6 25. Bxf4 gxf5 26. Bh6 fxg4 27. Rxf8+ Qxf8 28. Bxf8 Bxh4 29. Bxd6 Bf6 30. Bc7 h5 31. Bxb6 Rc8 32. Bd5 Kg7 33. a5 Rb8 34. Bc7 Rc8 35. Bb6 Rb8 36. Bxc5 h4 37. Ba7 Ra8 38. Be3 Rb8 39. b4 Kg6 40. b5 h3 41. Be6 Kh5 42. Rf1 1-0

[Event "GrandPrix_30.05"]
[Site "Chess.com"]
[Date "2020.05.30"]
[Round "4"]
[White "Karateloru"]
[Black "Malysch"]
[Result "1/2-1/2"]
[WhiteElo "2185"]
[BlackElo "2284"]
[TimeControl "600+2"]
[EndTime "9:52:56 PDT"]
[Termination "Game drawn by repetition"]

1. e4 Nf6 2. Nc3 d5 3. e5 Nfd7 4. d4 c5 5. f4 cxd4 6. Nb5 Nc6 7. Nf3 Nc5 8. Nbxd4 Bg4 9. Nxc6 bxc6 10. Be3 e6 11. Be2 Rb8 12. b3 Ne4 13. O-O Qa5 14. Kh1 Be7 15. Nd4 Bxe2 16. Qxe2 Qc7 17. f5 c5 18.
fxe6 cxd4 19. exf7+ Kf8 20. Bxd4 Qc6 21. c4 Rd8 22.
cxd5 Qxd5 23. Rad1 Qc6 24. Rfe1 Ng5 25. e6 h5 26. Qe5 Nxe6 27. Qxe6 Qxe6 28. Rxe6 Kxf7 29.
Re2 Bf6 30. Red2 Rhe8 31. Bxa7 Rxd2 32. Rxd2 Re1+ 33. Bg1 Be7 34. g3 Bc5 35. Rg2 Ra1 36.
h3 Kf6 37. Kh2 Bxg1+ 38. Rxg1 Rxa2+ 39. Rg2 Ra5 40. Rb2 Ke5 41. b4 Rb5 42. Kg2 Ke4 43.
Kf2 g5 44. Ke2 Kd4 45. Kf3 Kc3 46. Re2 Rxb4 47. Re3+ Kd2 48. Re4 Rb3+ 49. Kf2 Rb8 50. Rd4+ Kc3 51. Rd5 g4 52. h4 Rf8+ 53. Kg2 Rh8 54.
Kf2 Rf8+ 55. Kg1 Rh8 56. Kf2 Rf8+ 1/2-1/2

[Event "GrandPrix_30.05"]
[Site "Chess.com"]
[Date "2020.05.30"]
[Round "4"]
[White "Kobalia"]
[Black "Micki-taryan"]
[Result "1-0"]
[WhiteElo "2445"]
[BlackElo "2492"]
[TimeControl "600+2"]
[EndTime "9:53:00 PDT"]
[Termination "Kobalia won by resignation"]

1. e4 e6 2. d3 d5 3. Nd2 c5 4. Ngf3 Nc6 5. g3 Nf6 6. Bg2 Bd6 7. O-O O-O 8. Re1 Bc7 9. c3 b5 10. a4 b4 11. exd5 exd5 12. Nb3 Bd6 13. Be3 c4 14.
dxc4 dxc4 15. Nbd4 Nxd4 16. Nxd4 Bg4 17. Bf3 Qc8 18. Nb5 Bxf3 19. Qxf3 Bc5 20. cxb4 Bxb4 21.
Rec1 a6 22. Nd4 Re8 23. Nc6 Bf8 24. Rxc4 Qe6 25. Rac1 h5 26. b4 Ng4 27. Bd4 Qg6 28.
h3 Nh6 29. Bc5 Nf5 30. Bxf8 Kxf8 31. b5 axb5 32. axb5 Nd6 33. Rb4 Qg5 34. Rcb1 Ra2 35. b6 Nb7 36. Rd4 Qg6 37. Rbd1 Rb2 38. Ne5 Qe6 39.
Nd7+ Kg8 40. Qxb7 h4 41. g4 Rxf2 42. Re4 Qxe4 43. Qxe4 Rxe4 44. Kxf2 Rb4 45. Rc1 Rb2+ 46. Kg1 Kh7 47. Rc7 Rb1+ 48. Kf2 Rb2+ 49. Ke1 Rb1+ 50.
Kd2 Rxb6 51. Nxb6 1-0

[Event "GrandPrix_30.05"]
[Site "Chess.com"]
[Date "2020.05.30"]
[Round "4"]
[White "Yurovskykh_Alexander"]
[Black "GadimbayliA"]
[Result "0-1"]
[WhiteElo "2319"]
[BlackElo "2532"]
[TimeControl "600+2"]
[EndTime "9:53:01 PDT"]
[Termination "GadimbayliA won by resignation"]

1. d4 d5 2. Bf4 Nf6 3. e3 Nc6 4.
Nf3 Nh5 5. Bg5 h6 6. Bh4 g5 7. Bg3 Nxg3 8. hxg3 g4 9. Nfd2 e5 10. Bb5 Bg7 11. dxe5 Bxe5 12. c3 h5 13. Na3 Bf5 14.
Nc2 Kf8 15. Nd4 Nxd4 16. cxd4 Bd6 17. Qb3 c6 18. Bd3 Bxd3 19. Qxd3 Qf6 20. O-O-O Re8 21.
f4 gxf3 22. gxf3 Bxg3 23. e4 h4 24. Rdg1 Bf4 25. e5 Qh6 26. Kc2 Bxd2 27. Qxd2 Qxd2+ 28. Kxd2 Re6 29. Rh3 Reh6 30. Ke3 Ke7 31. f4 Rh5 32. Rg5 Rxg5 33. fxg5 Ke6 34. Kf4 b6 35. b4 a5 36. bxa5 bxa5 37. Rc3 h3 38. Rxc6+ Kd7 39.
Rc1 h2 40. Rh1 Rh4+ 41. Kg3 Rxd4 42. Rxh2 Re4 43. Rb2 Rxe5 44. Rb5 Ke6 45. Rxa5 Rxg5+ 46. Kf4 Rf5+ 47. Ke3 d4+ 0-1

[Event "GrandPrix_30.05"]
[Site "Chess.com"]
[Date "2020.05.30"]
[Round "4"]
[White "Herracek"]
[Black "NikolaGry"]
[Result "0-1"]
[WhiteElo "2312"]
[BlackElo "2168"]
[TimeControl "600+2"]
[EndTime "9:53:02 PDT"]
[Termination "NikolaGry won by resignation"]

1. c4 c5 2. Nc3 b6 3. g3 Bb7 4. Nf3 Bxf3 5. exf3 Nc6 6. b3 g6 7. Bb2 Bg7 8. Bg2 e6 9. Qb1 Nf6 10. O-O O-O 11. f4 Rc8 12. Nb5 d5 13. cxd5 Nxd5 14. Bxg7 Kxg7 15. Rd1 Qf6 16. a3 Rfd8 17. Bf1 Rd7 18. Qe4 Rcd8 19. Qa4 Nde7 20. d3 h5 21. b4 cxb4 22. axb4 a5 23. bxa5 Nxa5 24. Rab1 Nd5 25.
Rdc1 h4 26. Bg2 Nb7 27. d4 Nd6 28. Bxd5 exd5 29. Nc7 Qf5 30. Rxb6 h3 31. Qc6 Rxc7 32. Qxc7 Qe4 33. f3 Qe3+ 34. Kf1 Qxf3+ 35. Ke1 Re8+ 36.
Qe7 Rxe7+ 0-1

[Event "GrandPrix_30.05"]
[Site "Chess.com"]
[Date "2020.05.30"]
[Round "4"]
[White "Pidzsy"]
[Black "OhanyanEminChess"]
[Result "1-0"]
[WhiteElo "2244"]
[BlackElo "2079"]
[TimeControl "600+2"]
[EndTime "9:53:05 PDT"]
[Termination "Pidzsy won by checkmate"]

1. Nf3 Nf6 2. g3 g6 3. Bg2 Bg7 4. d3 O-O 5. e4 d6 6. O-O c5 7. Bg5 Nc6 8. Qc1 Bg4 9. c3 Qd7 10.
Na3 Bh3 11. Nc4 Bxg2 12. Kxg2 d5 13. Bxf6 Bxf6 14. exd5 Qxd5 15. Qc2 Rad8 16. Rad1 b5 17. Ne3 Qxa2 18. h4 Qe6 19. h5 g5 20. g4 Ne5 21.
Nxe5 Bxe5 22. Nf5 Qf6 23. d4 cxd4 24. cxd4 Bf4 25. d5 e6 26. dxe6 fxe6 27. Rxd8 Rxd8 28. Qc6 Qe5 29. Rd1 Rf8 30. Nh6+ Kg7 31. Rd7+ Kxh6 32. Qc2 Qh8 33. Qe4 Be5 34. Re7 Rf6 35. b4 Bc3 36.
Rxa7 Rxf2+ 37. Kxf2 Qd4+ 38. Kf3 Qxa7 39. Qxe6+ Kg7 40. h6+ Kf8 41. Qc8+ Kf7 42. Qxc3 Qb7+ 43. Kg3 Qb8+ 44. Kh3 Qf8 45. Qf3+ Ke8 46. Qc6+ Kf7 47.
Qd7+ Kg6 48. Qc6+ Qf6 49. Qxb5 Qf3+ 50. Kh2 Qf2+ 51. Kh1 Qf3+ 52. Kg1 Qxg4+ 53. Kf2 Kxh6 54. Qc6+ Kg7 55. b5 Qd4+ 56. Ke2 Qb2+ 57. Kd3 Qb3+ 58. Kd4 Qb4+ 59. Kd5 g4 60. b6 Qb3+ 61. Kd6 Qb4+ 62. Kd7 Qd4+ 63. Kc8 g3 64. b7 Qg4+ 65. Kc7 g2 66.
Qc3+ Kg6 67. Qd3+ Kg7 68. Qc3+ Kg6 69. Qc2+ Kg7 70. Qb2+ Kf7 71. Qf2+ Kg7 72. b8=Q g1=Q 73. Qbf8+ Kg6 74. Q2f6+ Kh5 75. Q8h6# 1-0

[Event "GrandPrix_30.05"]
[Site "Chess.com"]
[Date "2020.05.30"]
[Round "4"]
[White "Novoselski"]
[Black "AliKa2810"]
[Result "1-0"]
[WhiteElo "2329"]
[BlackElo "2151"]
[TimeControl "600+2"]
[EndTime "9:53:06 PDT"]
[Termination "Novoselski won on time"]

1. d4 Nf6 2. c4 e6 3. Nc3 Bb4 4. Bg5 h6 5. Bh4 O-O 6. e3 c5 7. d5 d6 8. Rc1 exd5 9. cxd5 Nbd7 10. a3 Ba5 11. Nf3 g5 12. Bg3 Ne4 13. Bd3 Ndf6 14. O-O Nxc3 15. bxc3 Nxd5 16. Bb1 Be6 17. c4 Nf6 18.
Bxd6 Re8 19. Bxc5 Rc8 20. Qxd8 Bxd8 21. Bd4 Bxc4 22. Rfd1 Be7 23. Bb2 b5 24. Nd4 Bf8 25. Nf5 Ne4 26. Bxe4 Rxe4 27. Nd6 Bxd6 28. Rxd6 Re6 29.
Rd7 a5 30. Rb7 Rec6 31. h3 R6c7 32. Rxc7 Rxc7 33. Rd1 Be6 34. Rd8+ Kh7 35. Rb8 Bc4 36. Bc3 a4 37. Rh8+ Kg6 38. Rg8+ Kf5 39. f3 f6 40. g4+ Ke6 41. Rg6 Be2 42. Bd4 b4 43. Rxf6+ Ke7 44. axb4 a3 45. Rxh6 Rc2 46. Rh7+ Ke6 47. f4 gxf4 48. exf4 a2 49. Ra7 Kd5 50. Be5 Ke4 51. g5 Ke3 52. Ra3+ Bd3 53. g6 Ke2 54. g7 Bc4 55. Kg2 Bd5+ 56. Kg3 Kf1 57.
Kh4 Rg2 58. b5 Rg6 59. Ra6 1-0

[Event "GrandPrix_30.05"]
[Site "Chess.com"]
[Date "2020.05.30"]
[Round "4"]
[White "rim1618"]
[Black "LuckyLuka04"]
[Result "1-0"]
[WhiteElo "2390"]
[BlackElo "2164"]
[TimeControl "600+2"]
[EndTime "9:53:15 PDT"]
[Termination "rim1618 won on time"]

1. c4 Nf6 2. g3 c5 3. Bg2 e6 4.
Nf3 Nc6 5. d4 cxd4 6. Nxd4 Qb6 7. Nb5 Bc5 8. O-O a6 9. N5c3 Qc7 10. Bf4 d6 11. Nd2 Nh5 12. e3 Nxf4 13. exf4 O-O 14. Nb3 Ba7 15. Rc1 Bd7 16. Ne4 Bb8 17. Qh5 Ne7 18. Rfd1 Bc6 19. Nxd6 Ba7 20. Bxc6 Nxc6 21.
Ne4 Rad8 22. c5 Nb4 23. a3 Nd3 24. Rc2 Qc6 25. Nd6 Rxd6 26. Qe2 Nxf4 27. gxf4 Rxd1+ 28.
Qxd1 Bb8 29. Rc4 Bc7 30. Qd3 Rd8 31. Qe4 Qb5 32. Qc2 Qc6 33. Nd4 Qd5 34. Ne2 Qf3 35. Rc3 Qg4+ 36. Rg3 Qh4 37. Qe4 Rb8 38. Kg2 Qf6 39. b4 b6 40. c6 Rd8 41. Rd3 Rxd3 42. Qxd3 g5 43. Qd7 Qd8 44. Qxd8+ Bxd8 45. fxg5 Kf8 46. Nc3 Ke7 47. Ne4 e5 48. Kf3 Ke6 49. Kg4 Kd5 50. Nf6+ Bxf6 51. c7 1-0